 Dungeon Crawl Stone Soup version 0.16-a0-1212-geefc3ab (webtiles) character file.

4155 Kashira the Cleaver (level 10, -1/47 HPs)
             Began as a Vine Stalker Berserker on Oct 12, 2014.
             Was a High Priest of Trog.
             Succumbed to a killer bee's poison
             ... on level 8 of the Dungeon.
             The game lasted 00:23:34 (5660 turns).

Kashira the Cleaver (Vine Stalker Berserker)        Turns: 5660, Time: 00:23:34

Health: -1/47      AC: 11    Str: 23    XL:     10   Next: 28%
Magic:  6/6        EV: 11    Int:  7    God:    Trog [*****.]
Gold:   334        SH:  0    Dex: 14    Spells: 0 memorised, 9 levels left

rFire  . . .     SeeInvis .     v - +3 executioner's axe (antimagic)
rCold  + . .     Clarity  .     G - +2 ring mail {rC+}
rNeg   . . .     SustAb   .     (no shield)
rPois  .         Gourm    .     M - +0 hat
rElec  .         Spirit   +     r - +1 cloak
rCorr  .         Warding  .     L - +0 pair of gloves
rMut   .         Stasis   .     (no boots)
MR     ++...                    (no amulet)
Stlth  ++........               o - ring of teleport control
                                h - ring of stealth

@: lethally poisoned, exhausted, very resistant to hostile enchantments,
unstealthy
A: antennae 1, fangs 3, magic resistance 1, regeneration 2, magic shield,
antimagic bite, no device heal 3, rot immunity
a: Burn Spellbooks, Berserk, Trog's Hand, Brothers in Arms, Renounce Religion,
Evoke Teleport Control


You were on level 8 of the Dungeon.
You worshipped Trog.
Trog was extremely pleased with you.
You were not hungry.

You visited 1 branch of the dungeon, and saw 8 of its levels.

You collected 334 gold pieces.

Inventory:

Hand weapons
 a - a +0 hand axe
 v - a +3 antimagic executioner's axe (weapon)
Missiles
 d - 17 sling bullets
 m - 20 stones (quivered)
Armour
 r - a +1 cloak (worn)
 G - a +2 ring mail of cold resistance (worn)
 L - a +0 pair of gloves (worn)
 M - a +0 hat (worn)
Magical devices
 q - a wand of disintegration (17)
 s - a wand of invisibility (7)
 F - a wand of random effects (32)
Comestibles
 c - 6 bread rations
 A - 4 meat rations
 D - a royal jelly
 O - 3 fruits
Scrolls
 e - 2 scrolls of recharging
 k - 2 scrolls of amnesia
 l - 2 scrolls of remove curse
 n - a scroll of magic mapping
 t - 5 scrolls of teleportation
 w - a scroll of noise
 y - a scroll of fear {unknown}
 B - a scroll of enchant weapon
 E - a scroll of vulnerability {unknown}
 I - a scroll of enchant armour {unknown}
Jewellery
 h - a ring of stealth (left hand)
 o - a ring of teleport control (right hand)
 K - an uncursed ring of protection from fire {unknown}
 N - an uncursed ring of protection from fire {unknown}
Potions
 b - a potion of cure mutation
 f - a potion of brilliance
 g - 3 potions of agility
 i - a potion of curing {unknown}
 j - a potion of might {unknown}
 p - a potion of invisibility {unknown}
 u - a potion of resistance {unknown}
 x - a potion of mutation {unknown}
 z - a potion of restore abilities
 C - a potion of cancellation
 H - a potion of flight {unknown}
 J - a potion of haste {unknown}


   Skills:
 - Level 2.6 Fighting
 * Level 11.2 Axes
 + Level 4.0 Armour
 + Level 4.1 Dodging
 * Level 5.1 Evocations


You had 9 spell levels left.
You didn't know any spells.

Dungeon Overview and Level Annotations

Branches:
Dungeon (8/15)             Temple (0/1) D:4
   Lair: D:8-11

Altars:
Cheibriados
Qazlal
Trog

Shops:
D:6 %

Annotations:
D:8 1 exclusion


Innate Abilities, Weirdness & Mutations

You have razor-sharp teeth.
You heal very quickly.
When hurt, damage is shared between your health and your magic reserves.
Your bite disrupts and absorbs the magic of your enemies.
Potions and wands cannot restore your health.
You are immune to rotting.
You have a pair of small antennae on your head.
You are resistant to hostile enchantments.


Message History

* * * LOW HITPOINT WARNING * * *
You feel sick.
Drink which item? (? for menu, Esc to quit)
Okay, then.
Evoke which item? (* to show all) (? for menu, Esc to quit)
Okay, then.
Read which item? (? for menu, Esc to quit)
Okay, then.
Drink which item? (? for menu, Esc to quit)
You feel refreshed.
It was a potion of restore abilities.
* * * LOW HITPOINT WARNING * * *
You feel sick.
Drink which item? (? for menu, Esc to quit)
Okay, then.
Unknown command.
Drink which item? (? for menu, Esc to quit)
Your magical effects are unravelling.
You feel magically purged.
It was a potion of cancellation.
You feel yourself speed up.
You die...

## ... .....
....# ###...#
{ #....#
########....#
#@##.##.....#
#%%%...(###.#
#)##.#..#
#.......#
#.####.## #
#.# #.# ..
#.####.#
#......#
#####..#


There were no monsters in sight!

Vanquished Creatures
  Pikel (D:7)
  A hill giant (D:7)
  A queen bee (D:8)
  An ice beast (D:6)
  2 ogres
  2 sky beasts
  A slave (D:7)
  A phantom (D:6)
  3 orc warriors
  4 centaurs
  Sigmund (D:3)
  Duvessa (D:5)
  2 big kobolds
  A giant frog (D:7)
  4 killer bees (D:8)
  4 wights (D:7)
  A scorpion (D:5)
  A crimson imp (D:7)
  A centaur zombie (D:6)
  Dowan (D:5)
  A jelly (D:7)
  A quasit (D:7)
  3 goliath beetles
  An elf zombie (D:7)
  A hound (D:7)
  2 iguanas
  5 orc priests
  Natasha (thrice) (D:3)
  A black bear skeleton (D:7)
  9 orc wizards
  5 worker ants
  Ijyb (D:3)
  Jessica (D:2)
  A hound zombie (D:5)
  A scorpion zombie (D:2)
  6 adders
  A shadow imp (D:8)
  2 giant mites
  4 worms
  An adder skeleton (D:6)
  5 giant geckos
  An ooze (D:5)
  24 orcs
  13 bats
  3 bat skeletons
  A giant cockroach (D:5)
  7 goblins
  15 hobgoblins
  10 jackals
  3 quokkas
  A ball python (D:1)
  A ball python zombie (D:2)
  4 giant newts
  2 giant newt skeletons (D:2)
  A giant spore (D:8)
  A hobgoblin skeleton (D:2)
  2 hobgoblin zombies (D:2)
  21 kobolds
  A kobold zombie (D:2)
  3 orc skeletons
  An orc zombie (D:2)
  8 rats
  A rat zombie (D:2)
  A ballistomycete (D:8)
214 creatures vanquished.

Vanquished Creatures (others)
  An ogre (D:8)
  A slave (D:7)
  A jackal (D:8)
3 creatures vanquished.

Grand Total: 217 creatures vanquished

Notes
Turn   | Place    | Note
--------------------------------------------------------------
     0 | D:1      | Kashira, the Vine Stalker Berserker, began the quest for the Orb.
     0 | D:1      | Reached XP level 1. HP: 11/11 MP: 1/1
   186 | D:1      | Reached skill level 3 in Axes
   192 | D:1      | Reached XP level 2. HP: 16/16 MP: 3/3
   257 | D:1      | Acquired Trog's second power
   360 | D:1      | Reached XP level 3. HP: 19/19 MP: 4/4
   746 | D:2      | Reached skill level 4 in Axes
   795 | D:2      | Reached XP level 4. HP: 23/23 MP: 5/5
   847 | D:2      | Noticed Jessica
   858 | D:2      | Killed Jessica
  1578 | D:3      | Noticed Ijyb
  1591 | D:3      | Killed Ijyb
  1591 | D:3      | Reached skill level 5 in Axes
  1591 | D:3      | Reached XP level 5. HP: 25/27 MP: 7/7
  1710 | D:3      | Noticed Sigmund
  1720 | D:3      | Killed Sigmund
  1720 | D:3      | Reached skill level 1 in Evocations
  1720 | D:3      | Gained mutation: You heal very quickly. [vine stalker growth]
  1720 | D:3      | Reached XP level 6. HP: 25/32 MP: 5/9
  1875 | D:3      | Noticed Natasha
  1885 | D:3      | Killed Natasha
  1885 | D:3      | Reached skill level 6 in Axes
  2007 | D:3      | Noticed Natasha
  2022 | D:3      | Killed Natasha
  2030 | D:3      | Noticed Natasha
  2043 | D:3      | Killed Natasha
  2393 | D:4      | Acquired Trog's third power
  2401 | D:4      | Reached XP level 7. HP: 35/35 MP: 10/10
  2535 | D:4      | Reached skill level 7 in Axes
  2643 | D:4      | Found a staircase to the Ecumenical Temple.
  2878 | D:5      | Entered Level 5 of the Dungeon
  3049 | D:5      | Found a bloodstained altar of Trog.
  3164 | D:5      | Noticed Dowan
  3165 | D:5      | Noticed Duvessa
  3172 | D:5      | Killed Dowan
  3172 | D:5      | Reached skill level 8 in Axes
  3176 | D:5      | Killed Duvessa
  3176 | D:5      | Gained mutation: You have razor-sharp teeth. [vine stalker growth]
  3176 | D:5      | Reached XP level 8. HP: 39/39 MP: 14/14
  3949 | D:6      | Found a snail-covered altar of Cheibriados.
  4112 | D:6      | Reached skill level 9 in Axes
  4206 | D:6      | Received a gift from Trog
  4261 | D:6      | Found Saphep's Food Emporium.
  4317 | D:6      | Found a stormy altar of Qazlal.
  4364 | D:6      | Reached XP level 9. HP: 43/43 MP: 5/17
  4374 | D:6      | Gained mutation: You have a pair of small antennae on your head. [mutagenic meat]
  4683 | D:7      | Noticed Pikel
  4700 | D:7      | Killed Pikel
  4700 | D:7      | Reached skill level 10 in Axes
  4714 | D:7      | Gained mutation: You are resistant to hostile enchantments. [mutagenic meat]
  4749 | D:7      | Got a crude leather armour
  4760 | D:7      | Identified the cursed -1 leather armour of Starshine {Str-2 Dex+1} (You found it on level 7 of the Dungeon)
  4934 | D:7      | Noticed a hill giant
  4940 | D:7      | Killed a hill giant
  5144 | D:7      | Reached XP level 10. HP: 47/47 MP: 6/19
  5287 | D:7      | Reached skill level 11 in Axes
  5635 | D:8      | Reached skill level 5 in Evocations
  5648 | D:8      | HP: 3/70 [killer bee (4)]
  5653 | D:8      | HP: 3/70 [poisoned by a killer bee]
  5657 | D:8      | HP: 1/70 [poisoned by a killer bee]
  5660 | D:8      | Succumbed to a killer bee's poison

Action                   |  1- 3 |  4- 6 |  7- 9 | 10-12 || total
-------------------------+-------+-------+-------+-------++-------
Melee: Hand axe          |    98 |   178 |   232 |       ||   508
       Executioner's axe |       |       |   104 |    62 ||   166
Throw: Stone             |       |       |       |     1 ||     1
Invok: Berserk           |       |     5 |     5 |     2 ||    12
       Trog's Hand       |       |       |       |     1 ||     1
       Brothers in Arms  |       |       |       |     1 ||     1
  Use: Scroll            |       |     5 |     7 |     3 ||    15
       Potion            |       |       |       |     2 ||     2
 Stab: Sleeping          |     1 |     6 |     4 |       ||    11
  Eat: Chunk             |       |     2 |     4 |       ||     6
       Meat ration       |       |     2 |     2 |       ||     4
       Pizza             |       |       |     3 |       ||     3
